 Dungeon Crawl Stone Soup version 0.24.1-8-ga250c9d538 (webtiles) character file.

Game seed: 2439870611544797444, levelgen mode: deterministic

807 Hugehornet the Insei (level 7, -5/45 HPs)
             Began as an Octopode Transmuter on May 7, 2020.
             Was an Initiate of Cheibriados.
             Slain by a sky beast (6 damage)
             ... on level 5 of the Dungeon.
             The game lasted 00:11:38 (5909 turns).

Hugehornet the Insei (Octopode Transmuter)          Turns: 5909, Time: 00:11:39

Health: -5/45      AC:  2    Str: 15    XL:     7   Next: 92%
Magic:  9/11       EV: 21    Int: 18    God:    Cheibriados [......]
Gold:   231        SH:  0    Dex: 19    Spells: 2/12 levels left

rFire    + . .     SeeInvis .     - Unarmed
rCold    . . .     Gourm    .   (shield currently unavailable)
rNeg     . . .     Faith    .   (helmet currently unavailable)
rPois    x         Spirit   .   (no amulet)
rElec    .         Reflect  .   q - ring of protection from fire
rCorr    .         Harm     .   (no ring)
MR       .....                  (no ring)
Stlth    +++.......             (no ring)
HPRegen  0.15/turn              (no ring)
MPRegen  0.12/turn              (no ring)
                                (no ring)
                                (no ring)

@: mighty, spider-form (expiring), very slow
A: tiny, almost no armour, stealthy swim, (amphibious), 8 rings, (constrict 8),
mutation resistance 1, sense surroundings 1, wild magic 1
a: End Transformation, Bend Time, Renounce Religion


You were on level 5 of the Dungeon.
You worshipped Cheibriados.
Cheibriados was noncommittal.
You were not hungry.
You were a venomous arachnid creature.
You visited 2 branches of the dungeon, and saw 6 of its levels.

You collected 231 gold pieces.

Inventory:

Missiles
 a - 115 arrows
Jewellery
 o - an uncursed ring of fire
 q - a ring of protection from fire (left front leg)
Wands
 b - a wand of polymorph (3)
Scrolls
 d - 2 scrolls of remove curse
 e - a scroll of enchant weapon {unknown}
 g - a scroll of fog
 h - a scroll of random uselessness
Potions
 k - a potion of ambrosia {unknown}
 m - a potion of curing {unknown}
 n - 2 potions of flight
Comestibles
 c - 3 rations
 i - 2 chunks of flesh


   Skills:
 + Level 2.7 Fighting
 + Level 3.3 Dodging
 + Level 3.4 Stealth
 * Level 4.9 Unarmed Combat
 + Level 3.1 Spellcasting
 * Level 4.2 Transmutations
 * Level 1.8 Ice Magic
 - Level 3.0 Poison Magic


You had 2 spell levels left.
You knew the following spells:

 Your Spells              Type           Power        Failure   Level  Hunger
a - Beastly Appendage     Tmut           ###...       14%         1    None
b - Sticks to Snakes      Tmut           ###.....     19%         2    ##.....
c - Spider Form           Tmut/Pois      ###.......   34%         3    ###....
d - Ice Form              Ice/Tmut       ###.....     73%         4    ####...

Your spell library contained the following spells:

 Spells                   Type           Power        Failure   Level  Hunger
 Blade Hands              Tmut           ###.......   86%         5    ######.


Dungeon Overview and Level Annotations

Branches:
Dungeon (5/15)             Temple (1/1) D:5

Altars:
Cheibriados
Elyvilon
Makhleb
Okawaru
Qazlal
Sif Muna
Trog
Wu Jian
Yredelemnul

Annotations:
D:3 3 runed translucent doors, yogakurto's ghost, amateur BaTm


Innate Abilities, Weirdness & Mutations

You cannot wear most types of armour.
You are very stealthy in the water. (Stealth+)
((You are amphibious.))
You can wear up to eight rings at the same time.
((You can use your tentacles to constrict eight enemies at once.))
((Your skin changes colour to match your surroundings (Stealth+).))
((Your rubbery body absorbs attacks. (AC +1, EV +1)))
You are somewhat resistant to further mutation.
You passively map a small area around you.
Your spells are a little harder to cast, but a little more powerful.


Message History

Something hits you. Something shocks you.
You feel much better. Something hits you. Something shocks you.
You barely miss something.
A sky beast appears from thin air!
Reactivating autopickup.
The sky beast hits you. The sky beast shocks you.
You hit the sky beast.
The sky beast looks even sicker.
The sky beast is heavily wounded.
The sky beast flickers out of sight!
Deactivating autopickup; reactivate with Ctrl-A.
Something hits you. Something shocks you.
* * * LOW HITPOINT WARNING * * *
You closely miss something. Something hits you.
* * * LOW HITPOINT WARNING * * *
Something shocks you.
* * * LOW HITPOINT WARNING * * *
You feel very mighty all of a sudden. Something hits you.
* * * LOW HITPOINT WARNING * * *
Something shocks you.
You die...

, , , , .., ..#.... ,
**##.####..#.... * *
##............. #### ,,,
*.....#...#..... ....
.....#.⌠.#..... ....
...###...###....#,, ....
#.....{.........### #.##
* #...⌠..s..⌠..#....#
#+## ,
..................# ....
...###...###......#,....
.....#.⌠.#...+....# ....
,.....#...#........#
.... ,
...............%..# ....
*
..###...##.###....######
, ** ##
*#...#..............# ,,
.....#..............#


There were no monsters in sight!

Vanquished Creatures
  Sigmund (D:5)
  2 centaurs (D:5)
  A scorpion (D:5)
  A bullfrog skeleton (D:4)
  An orc priest (D:3)
  5 orc wizards
  2 worker ants (D:4)
  A worker ant zombie (D:5)
  Robin (D:4)
  5 adders
  An ooze (D:1)
  An adder skeleton (D:4)
  4 worms
  A dart slug (D:5)
  3 leopard geckos
  16 orcs
  4 giant cockroaches
  10 hobgoblins
  11 kobolds
  A quokka (D:2)
  7 bats
  6 frilled lizards
  11 goblins
  6 rats
102 creatures vanquished.

Notes
Turn   | Place    | Note
-------+----------+-------------------------------------------
     0 | D:1      | Hugehornet the Octopode Transmuter began the quest for the
                  | Orb.
     0 | D:1      | Reached XP level 1. HP: 13/13 MP: 3/3
    37 | D:1      | Reached XP level 2. HP: 8/18 MP: 3/5
   595 | D:1      | Reached XP level 3. HP: 18/23 MP: 4/6
   599 | D:1      | Learned a level 2 spell: Sticks to Snakes
   603 | D:1      | Learned a level 3 spell: Spider Form
   693 | D:1      | Reached skill level 1 in Stealth
  1190 | D:2      | Found a bloodstained altar of Trog.
  1657 | D:2      | Reached XP level 4. HP: 28/28 MP: 5/7
  1963 | D:3      | Reached skill level 1 in Poison Magic
  2446 | D:3      | Found a runed translucent gate.
  2446 | D:3      | Found a runed translucent gate.
  2446 | D:3      | Found a runed translucent gate.
  2452 | D:3      | Noticed yogakurto's ghost (amateur BaTm)
  2495 | D:3      | Reached XP level 5. HP: 33/34 MP: 5/8
  3259 | D:4      | Noticed Robin
  3290 | D:4      | Killed Robin
  3307 | D:4      | Reached XP level 6. HP: 22/39 MP: 6/9
  4120 | D:4      | Gained mutation: You tend to lose your temper in combat.
                  | [potion of mutation]
  4120 | D:4      | Gained mutation: One of your tentacles bears a spike.
                  | [potion of mutation]
  4121 | D:4      | Lost mutation: You tend to lose your temper in combat.
                  | [potion of mutation]
  4121 | D:4      | Lost mutation: One of your tentacles bears a spike. [potion
                  | of mutation]
  4121 | D:4      | Gained mutation: You passively map a small area around you.
                  | [potion of mutation]
  4121 | D:4      | Gained mutation: Your spells are a little harder to cast,
                  | but a little more powerful. [potion of mutation]
  4121 | D:4      | Gained mutation: You are somewhat resistant to further
                  | mutation. [potion of mutation]
  4682 | D:5      | Entered Level 5 of the Dungeon
  5033 | D:5      | Reached XP level 7. HP: 37/45 MP: 9/11
  5039 | D:5      | Learned a level 4 spell: Ice Form
  5448 | D:5      | Reached skill level 1 in Ice Magic
  5730 | D:5      | Noticed Sigmund
  5741 | D:5      | Killed Sigmund
  5868 | D:5      | Found a staircase to the Ecumenical Temple.
  5881 | Temple   | Entered the Ecumenical Temple
  5890 | Temple   | Became a worshipper of Cheibriados the Contemplative
  5909 | D:5      | HP: 1/45 [something (5)]
  5909 | D:5      | Slain by a sky beast

Levels and vault maps discovered:
D:1:      dpeg_arrival_simpleton_c, layout_basic
D:2:      layout_loops_ring, trog_three_pillars_becter
D:3:      layout_loops_ring, gammafunk_ghost_necromancy, chequers_jeans
D:4:      layout_loops_corners, uniq_robin
D:5:      layout_gridville, minmay_temple_entry_junction_2, first_ration,
          uniq_eustachio, uniq_grinder, uniq_sigmund
Temple:   lightli_temple_of_artemis

Skill      XL: |  1  2  3  4  5  6  7 |
---------------+----------------------+-----
Stealth        | 1 2 3 |  3.4
Poison Magic   | 1 2 3 |  3.0
Transmutations | 3 4 |  4.2
Unarmed Combat | 4 |  4.9
Fighting       | 2 |  2.7
Dodging        | 3 |  3.3
Spellcasting   | 3 |  3.1
Ice Magic      | 1 |  1.8

Action                   |  1- 3 |  4- 6 |  7- 9 || total
-------------------------+-------+-------+-------++-------
Melee: Unarmed           |    86 |   150 |    35 ||   271
       Kick              |    17 |    23 |     1 ||    41
       Constrict         |    23 |    26 |     2 ||    51
       Tentacles         |    13 |    17 |     1 ||    31
       Punch             |     2 |     3 |     2 ||     7
 Cast: Beastly Appendage |    22 |    29 |     2 ||    53
       Spider Form       |       |     7 |     5 ||    12
 Abil: End Transformatio |       |     1 |       ||     1
  Use: Scroll            |       |    13 |       ||    13
       Potion            |       |     3 |     2 ||     5
 Stab: Sleeping          |     4 |     7 |     1 ||    12
  Eat: Chunk             |     2 |    10 |     2 ||    14
       Ration            |       |     1 |       ||     1
Armor: Skin              |    10 |     4 |       ||    14
Dodge: Dodged            |    42 |    83 |    20 ||   145
